 Dungeon Crawl Stone Soup version 0.17.2-1-ge4368a0 (webtiles) character file.

427 Goblin1989 the Insei (level 6, 0/72 HPs)
             Began as a Demonspawn Monk on May 5, 2017.
             Succumbed to Alipheese's ghost's poison
             ... in an ossuary on May 15, 2017.
             The game lasted 00:10:33 (3249 turns).

Goblin1989 the Insei (Demonspawn Monk)              Turns: 3249, Time: 00:10:33

Health: 0/72       AC: 23    Str: 19    XL:     6   Next: 65%
Magic:  6/6        EV:  2    Int: 16    God:
Gold:   101        SH:  0    Dex: 15    Spells: 0 memorised, 5 levels left

rFire  + . .     SeeInvis .       - Unarmed
rCold  + . .     Clarity  +     (armour currently unavailable)
rNeg   + + +     SustAt   .     (no shield)
rPois  +         Gourm    .     (helmet currently unavailable)
rElec  +         Spirit   .     (cloak currently unavailable)
rCorr  +         Warding  .     (gloves currently unavailable)
rMut   .         NoTele   +     (boots currently unavailable)
MR     .....                    l - amulet of clarity
Stlth  ++........               (no ring)
                                (no ring)

@: mighty, brilliant, lethally poisoned (0 -> -16), tree-form, resistant, not
resistant to hostile enchantments, unstealthy
A: (claws 0), (hooves 0), demonic guardian 1
a: no special abilities


You were in an ossuary.
You were hungry.
You were a tree.
You visited 1 branch of the dungeon, and saw 4 of its levels.
You also visited: Ossuary.

You collected 101 gold pieces.

Inventory:

Hand Weapons
 b - a +0 hunting sling
Missiles
 i - 23 sling bullets
 k - 182 stones (quivered)
Armour
 f - a +0 plate armour
 j - a +0 ring mail (melded)
 t - a +0 helmet (melded)
 v - a +0 pair of boots (melded)
 x - a +0 scale mail
Jewellery
 l - an amulet of clarity (around neck)
Scrolls
 B - a scroll of blinking
 M - 2 scrolls of magic mapping
 R - a scroll of identify {@r1}
Potions
 g - 2 potions of might
Books
 p - a book of Ice

   Spells                             Type                      Level
   a - Ice Form                       Ice/Transmutation            4
   b - Metabolic Englaciation         Hexes/Ice                    5
   c - Ozocubu's Refrigeration        Ice                          6
   d - Bolt of Cold                   Conjuration/Ice              6
   e - Freezing Cloud                 Conjuration/Ice/Air          6
   f - Simulacrum                     Ice/Necromancy               6
Comestibles
 e - 4 bread rations {@e1}
 s - a beef jerky
 u - 3 fruits


   Skills:
 - Level 3.8 Fighting
 - Level 2.6 Dodging
 - Level 1.7 Stealth
 + Level 7.0 Unarmed Combat


You had 5 spell levels left.
You didn't know any spells.

Dungeon Overview and Level Annotations

Branches:
Dungeon (4/15)
 Temple: D:4-7

Altars:
Elyvilon
Xom
Zin
The Shining One


Innate Abilities, Weirdness & Mutations

((You have very sharp fingernails.))
((You have large cloven feet.))
A weak demonic guardian rushes to your aid.


Message History

It was a potion of resistance.
You feel protected.
* * * LOW HITPOINT WARNING * * *
You feel very sick. Alipheese's ghost misses you.
You take 2 damage, and have 16/42 hp.
Drink which item? (? for menu, Esc to quit)
It was a potion of brilliance.
You feel clever all of a sudden.
* * * LOW HITPOINT WARNING * * *
You feel very sick.
Your crimson imp disappears in a puff of smoke!
Alipheese's ghost hits you but does no damage.
You take 3 damage, and have 13/42 hp.
Drink which item? (? for menu, Esc to quit)
It was a potion of lignification.
You turn into a tree.
Your +0 helmet melds into your body.
Your +0 pair of boots melds into your body.
Your cursed +0 ring mail melds into your body.
Your roots penetrate the ground.
* * * LOW HITPOINT WARNING * * *
You feel sick.
The hobgoblin zombie hits you but does no damage.
Alipheese's ghost hits you but does no damage.
You now have 17/63 hp.
You pummel Alipheese's ghost!!
Alipheese's ghost is almost destroyed.
* * * LOW HITPOINT WARNING * * *
You feel sick.
The hobgoblin zombie hits you but does no damage.
You take 2 damage, and have 15/63 hp.
You closely miss Alipheese's ghost.
Alipheese's ghost is almost destroyed.
* * * LOW HITPOINT WARNING * * *
You feel sick. Alipheese's ghost hits you.
* * * LOW HITPOINT WARNING * * *
You take 3 damage, and have 12/63 hp.
You barely miss Alipheese's ghost.
Alipheese's ghost is almost destroyed.
* * * LOW HITPOINT WARNING * * *
You feel sick.
Alipheese's ghost hits you but does no damage.
You are more poisoned.
The hobgoblin zombie hits you but does no damage.
You take 2 damage, and have 10/63 hp.
You smack Alipheese's ghost!
You destroy Alipheese's ghost!
Your Unarmed Combat skill increases to level 7!
You have reached level 6!
Your experience leads to an increase in your attributes!
Your base attributes are Str 13, Int 11, Dex 15.
Increase (S)trength, (I)ntelligence, or (D)exterity?
You feel stronger.
* * * LOW HITPOINT WARNING * * *
You feel sick.
The hobgoblin zombie hits you but does no damage.
MP restored: 6 You pummel the hobgoblin zombie!!
You destroy the hobgoblin zombie!
* * * LOW HITPOINT WARNING * * *
You feel sick.
You take 2 damage, and have 8/72 hp.
You cannot move.
Unknown command.
Drink which item? (? for menu, Esc to quit)
Okay, then.
Read which item? (? for menu, Esc to quit)
As you read the scroll labeled HUFESMINLA, it crumbles to dust.
It is a scroll of identify.
Identify which item? (\ to view known items) (? for menu, Esc to quit)
m - 2 scrolls of magic mapping;
M - 2 scrolls of magic mapping
R - a scroll of identify
* * * LOW HITPOINT WARNING * * *
You feel sick.
You take 2 damage, and have 6/72 hp.
Read which item? (? for menu, Esc to quit)
As you read the scroll labeled QEZUIW RUYFEL, it crumbles to dust.
Your branches glow dull rubric for a moment.
It was a scroll of random uselessness.
* * * LOW HITPOINT WARNING * * *
You feel sick.
You take 2 damage, and have 4/72 hp.
Read which item? (? for menu, Esc to quit)
As you read the scroll labeled TIAT TUYPT, it crumbles to dust.
You feel as if something is helping you.
It was a scroll of remove curse.
* * * LOW HITPOINT WARNING * * *
You feel sick.
You take 2 damage, and have 2/72 hp.
Read which item? (? for menu, Esc to quit)
As you read the scroll labeled XIAXOGHYHI, it crumbles to dust.
The air around you briefly surges with heat, but it dissipates.
It was a scroll of immolation.
* * * LOW HITPOINT WARNING * * *
You feel sick.
Read which item? (? for menu, Esc to quit)
As you read the scroll labeled YQIMOMPORHO, it crumbles to dust.
It is a scroll of recharging.
You aren't carrying any rechargeable items.
You die... █████████████████████

█....................
█....................
█........8..8........
█...♣................
█...██████..██████...
█... █..█ █... █...
█..█ █... █... █..█
█... █... .... █...
█... ....██ █... █...
....█ █... █...


There were no monsters in sight!

Vanquished Creatures
  The ghost of Alipheese the Gusty, an amateur NaAE (Ossuary)
  An orc wizard (D:3)
  Robin (D:2)
  8 adders
  A worm (D:3)
  2 giant geckos
  An orc (D:3)
  2 ball pythons
  3 giant cockroaches
  13 goblins
  11 hobgoblins
  4 jackals (D:3)
  6 kobolds
  A quokka (D:4)
  4 bats
  A giant newt (D:1)
  5 hobgoblin zombies (Ossuary)
  6 kobold zombies (Ossuary)
  5 orc zombies (Ossuary)
  9 rats
85 creatures vanquished.

Vanquished Creatures (collateral kills)
  A worker ant (D:3)
  An orc (D:3)
  A hobgoblin (D:2)
  A goblin (D:2)
4 creatures vanquished.

Grand Total: 89 creatures vanquished

Notes
Turn   | Place    | Note
--------------------------------------------------------------
     0 | D:1      | Goblin1989 the Demonspawn Monk began the quest for the Orb.
     0 | D:1      | Reached XP level 1. HP: 18/18 MP: 1/1
   306 | D:1      | Gained mutation: You have sharp fingernails. [demonic ancestry]
   306 | D:1      | Reached XP level 2. HP: 24/24 MP: 2/2
  1294 | D:2      | Found a glowing golden altar of the Shining One.
  1294 | D:2      | Found a glowing silver altar of Zin.
  1294 | D:2      | Found a white marble altar of Elyvilon.
  1305 | D:2      | Gained mutation: A weak demonic guardian rushes to your aid. [demonic ancestry]
  1305 | D:2      | Reached XP level 3. HP: 20/30 MP: 3/3
  1474 | D:2      | Reached skill level 4 in Unarmed Combat
  1593 | D:2      | Noticed Robin
  1812 | D:2      | Killed Robin
  1967 | D:2      | Gained mutation: You have large cloven feet. [demonic ancestry]
  1967 | D:2      | Reached XP level 4. HP: 33/37 MP: 4/4
  2474 | D:3      | Reached skill level 5 in Unarmed Combat
  2625 | D:3      | Found a shimmering altar of Xom.
  2679 | D:3      | Gained mutation: You have very sharp fingernails. [demonic ancestry]
  2679 | D:3      | Reached XP level 5. HP: 35/42 MP: 5/5
  3157 | D:4      | Found a sand-covered staircase.
  3166 | Ossuary  | Entered an ossuary
  3217 | Ossuary  | Reached skill level 6 in Unarmed Combat
  3226 | Ossuary  | Noticed Alipheese's ghost (amateur NaAE)
  3243 | Ossuary  | Killed Alipheese's ghost
  3243 | Ossuary  | Reached skill level 7 in Unarmed Combat
  3243 | Ossuary  | Reached XP level 6. HP: 11/48 MP: 6/6
  3247 | Ossuary  | HP: 2/72 [poisoned by Alipheese's ghost]
  3249 | Ossuary  | Succumbed to Alipheese's ghost's poison

Action                   |  1- 3 |  4- 6 || total
-------------------------+-------+-------++-------
Melee: Unarmed           |   124 |   155 ||   279
 Fire: Hunting sling     |       |     3 ||     3
  Use: Potion            |       |     4 ||     4
       Scroll            |       |     7 ||     7
 Stab: Sleeping          |     3 |     1 ||     4
       Distracted        |       |     2 ||     2
  Eat: Chunk             |     3 |     4 ||     7

Vault maps used:
D:1:      wheals_arrival_shading
D:2:      good_gods_mini_temple, first_bread, minivault_24, uniq_robin
D:3:      old_standard_altar
D:4:      enter_ossuary_1, nicolae_tso_swordbearing_angel, uniq_pikel
Ossuary:  ossuary_tomb_1
